 Dungeon Crawl Stone Soup version 0.27-a0-1347-gd8886f0a89 (webtiles) character file.

Game seed: 8575005587646834863

88 sanka the Insei (level 4, -4/35 HPs)
             Began as a Djinni Monk on June 27, 2021.
             Killed from afar by Sigmund (11 damage)
             ... with a magic dart
             ... on level 3 of the Dungeon.
             The game lasted 00:02:40 (2476 turns).

sanka the Insei (Djinni Monk)                       Turns: 2476, Time: 00:02:41

Health: -4/35      AC:  4    Str: 10    XL:     4   Next: 81%
Gold:   157        EV: 13    Int: 12    God:
                   SH:  0    Dex: 16

rFire    + + .     SeeInvis .   j - +1 whip (elec)
rCold    x . .     Faith    +   (no shield)
rNeg     . . .     Spirit   .   a - +0 robe
rPois    ∞         Reflect  .   (no helmet)
rElec    .         Harm     .   m - +0 cloak
rCorr    .         Rampage  .   n - +0 pair of gloves {archery}
Will     .....                  (boots unavailable)
Stlth    ++........             i - amulet of faith
HPRegen  0.11/turn              (no ring)
MPRegen  0.00/turn              (no ring)

@: flying
A: sickness immunity, fire resistance 2, cold vulnerability 1, float, innate
caster, hp casting, extra vitality 1
a: no special abilities


You were on level 3 of the Dungeon.
You visited 1 branch of the dungeon, and saw 3 of its levels.

You collected 157 gold pieces.


Innate Abilities, Weirdness & Mutations

You are immune to sickness and miasma.
You are immune to poison.
Your flesh is very heat resistant. (rF++)
You are vulnerable to cold. (rC-)
You float through the air rather than walking.
You learn spells naturally, not from books.
Your magical power is your life essence.
You have superior vitality. (+4 HP)


   Skills:
 - Level 3.0 Fighting
 - Level 3.2 Dodging
 - Level 1.5 Stealth
 - Level 4.0 Unarmed Combat
 + Level 2.2 Spellcasting


You had 6 spell levels left.
You knew the following spells:

 Your Spells              Type           Power      Damage    Failure   Level
z - Freeze                Ice            24%        1d5       11%         1
Your spell library was empty.

Inventory:

Hand Weapons
 j - a +1 whip of electrocution (weapon)
Armour
 a - a +0 robe (worn)
 m - a +0 cloak (worn)
 n - a +0 pair of gloves of archery (worn)
Jewellery
 i - an amulet of faith (around neck)
 l - a ring of see invisible
Scrolls
 c - a scroll of blinking {unknown}
 d - a scroll of enchant weapon {unknown}
 e - a scroll of brand weapon {unknown}
 f - a scroll of fog {unknown}
 g - a scroll of silence {unknown}
 h - a scroll of identify {unknown}
 k - a scroll of enchant armour {unknown}
Potions
 b - 2 potions of curing {@q1}

Dungeon Overview and Level Annotations

Branches:
Dungeon (3/15)

Altars:

Annotations:
D:3 Sigmund

.. ▒.▒▒ ..▒ ▒▒▒▒▒▒▒▒▒▒▒▒
▒▒▒▒..▒ ▒▒....R....>▒▒▒▒▒▒▒
▒...▒.▒▒▒...▒.▒.▒.▒.▒.▒.▒.▒▒ .
▒.▒▒..▒▒......▒............▒
.▒▒.▒▒..▒▒▒...▒.▒.▒.▒.▒)▒.▒.▒▒
..........@.....▒............▒
........▒▒▒▒.▒▒▒▒.▒.▒<▒.▒.▒.▒▒
▒▒▒.▒▒▒▒▒ ▒.................▒
▒.▒ ▒▒+▒▒▒▒▒▒.▒.▒.▒.▒.▒▒ ▒▒▒)▒
▒▒...▒▒ ▒...........▒


You could see Sigmund.


Message History

You barely miss Sigmund.
Sigmund is lightly wounded.
Sigmund casts a spell.
Sigmund flickers and vanishes!
Deactivating autopickup; reactivate with Ctrl-A.
You closely miss something. Something hits you!
* * * LOW HITPOINT WARNING * * *
Something hits you.
* * * LOW HITPOINT WARNING * * *
Unknown command.
Something hits you.
* * * LOW HITPOINT WARNING * * *
There is an open door here.
Which direction?
You reach down and close the door.
Something unseen opens the door.
You are confused.
It was a potion of curing.
A magic dart appears from out of thin air!
The magic dart hits you.
* * * LOW HITPOINT WARNING * * *
Things that are here:
a +0 club; a goblin skeleton Something tries to affect you, but you resist.
Sigmund appears from thin air!
Reactivating autopickup.
Sigmund casts a spell at you. The magic dart hits you!
You die...

Action                   |  1- 3 |  4- 6 || total
-------------------------+-------+-------++-------
Melee: Unarmed           |    66 |       ||    66
       Whip              |    35 |    53 ||    88
 Cast: Freeze            |     3 |       ||     3
  Use: Potion            |       |     1 ||     1
 Stab: Sleeping          |     4 |     2 ||     6
Armor: Robe              |    18 |     5 ||    23
Dodge: Dodged            |    73 |    28 ||   101

Levels and vault maps discovered:
D:1:      amcnicky_arrival_choice, layout_loops_cross
D:2:      layout_loops_ring
D:3:      layout_loops_corners, gammafunk_ghost_necromancy,
          shapermc_ecumenical_altar_mp_vishouse, serial_shops, shop,
          st_stairs_10, uniq_sigmund

Notes
Turn   | Place    | Note
-------+----------+-------------------------------------------
     0 | D:1      | sanka the Djinni Monk began the quest for the Orb.
     0 | D:1      | Reached XP level 1. HP: 20/20 MP: 0/0
   183 | D:1      | Reached XP level 2. HP: 21/25 MP: 0/0
   504 | D:1      | Reached skill level 4 in Unarmed Combat
   504 | D:1      | Reached XP level 3. HP: 30/30 MP: 0/0
   504 | D:1      | Learned a level 1 spell: Freeze
  1018 | D:2      | Reached skill level 1 in Spellcasting
  1313 | D:2      | Reached XP level 4. HP: 32/35 MP: 0/0
  2058 | D:3      | Reached skill level 2 in Spellcasting
  2417 | D:3      | Noticed Sigmund
  2428 | D:3      | HP: 1/35 [something (3)]
  2448 | D:3      | HP: 3/35 [something/magic dart (6)]
  2476 | D:3      | Killed from afar by Sigmund

Vanquished Creatures
  3 adders
  2 dart slugs
  A worm (D:2)
  2 bats
  6 endoplasms
  2 giant cockroaches
  4 goblins
  4 hobgoblins
  5 jackals
  A quokka (D:1)
  3 ball pythons
  3 frilled lizards
  7 kobolds
  8 rats
51 creatures vanquished.
